 Dungeon Crawl Stone Soup version 0.30.1-11-g7821555f0a (webtiles) character file.

Game seed: 3313228964295285300

54 cowcol the Covered (level 3, -1/33 HPs)
             Began as a Minotaur Fighter on Nov 20, 2023.
             Slain by a goblin
             ... wielding a +0 trident
              (2 damage)
             ... on level 2 of the Dungeon.
             The game lasted 00:03:05 (1124 turns).

cowcol the Covered (Minotaur Fighter)               Turns: 1124, Time: 00:03:05

Health: -1/33      AC:  7    Str: 22    XL:     3   Next: 66%
Magic:  2/2        EV:  9    Int:  5    God:
Gold:   58         SH:  5    Dex:  9    Spells: 2/2 levels left

rFire   . . .        a - +0 war axe
rCold   . . .        c - +1 buckler
rNeg    . . .        b - +0 scale mail
rPois   .            (helmet restricted)
rElec   .            (no cloak)
rCorr   .            (no gloves)
SInv    .            (no boots)
Will    .....        (no amulet) Stlth
                     (no ring)
HPRegen 0.25/turn    (no ring)
MPRegen 0.08/turn

%: no passive effects
@: mighty
A: horns 2, retaliatory headbutt
a: no special abilities


You were on level 2 of the Dungeon.
You visited 1 branch of the dungeon, and saw 2 of its levels.

You collected 58 gold pieces.

Inventory:

Hand Weapons
 a - a +0 war axe (weapon)
Armour
 b - a +0 scale mail (worn)
 c - a +1 buckler (worn)
Scrolls
 e - 2 scrolls of identify {unknown}
 h - a scroll of enchant armour
 i - a scroll of torment {unknown}
Potions
 f - a potion of invisibility {unknown}
 g - a potion of cancellation {unknown}
 j - a potion of ambrosia {unknown}


   Skills:
 - Level 4.0 Fighting
 + Level 3.8 Axes
 + Level 4.5 Armour
 - Level 3.6 Shields


You had 2 spell levels left.
You didn't know any spells.
Your spell library contained the following spells:

 Spells                   Type           Power      Damage    Failure   Level
 Blink                    Tloc           0%         N/A       94%         2
 Lesser Beckoning         Tloc           0%         N/A       94%         2
 Momentum Strike          Conj/Tloc      0%         3d8       94%         2


Dungeon Overview and Level Annotations

Branches:
Dungeon (2/15)

Altars:

Shops:
D:1 (

Annotations:
D:2 Sigmund


Innate Abilities, Weirdness & Mutations

You have a pair of horns on your head.
You reflexively headbutt those who attack you in melee.


Message History

Deactivating autopickup; reactivate with Ctrl-A.
You hear a shout!
You slash the goblin!
You kill the goblin!
Something hits you.
You hit the goblin.
You kill the goblin!
A goblin comes into view. It is wielding a +0 club.
Something hits you.
You slash the hobgoblin!
You kill the hobgoblin!
A goblin comes into view. It is wielding a +0 dagger.
Something hits you.
A goblin comes into view. It is wielding a +0 club.
The goblin shouts!
Something hits you.
The goblin moves out of view.
Items here: )) ††.
A goblin comes into view. It is wielding a +0 trident.
The goblin shouts!
The goblin moves out of view.
You barely miss something. Your headbutt misses something.
You slash the goblin!
You kill the goblin!
You barely miss the goblin. The goblin closely misses you.
You furiously retaliate!
You headbutt the goblin!
You kill the goblin!
The goblin unwields a +0 club.
The goblin wields a +0 sling.
The goblin shoots a sling bullet.
You block the sling bullet. Something hits you!
You closely miss something. Something hits you!
* * * LOW HITPOINT WARNING * * *
You barely miss something. Something hits you but does no damage.
You closely miss something.
The goblin hits you from afar with a +0 trident.
* * * LOW HITPOINT WARNING * * *
Something hits you but does no damage.
Unknown command.
You closely miss something.
The goblin hits you from afar with a +0 trident.
You die...

8.....8 .#
#.##.# .......
#.#.# #....#
8.....8 #.#.#
##...####
.......##.#.#
#.......
..>....#....#
#.......
#.....g....####
##..###.
#g........
.....# #.
#.))..###
####..# #.
##{@.## ##..#
#. ##)##
##...#### #.#
#........ #.#
##...###. #.#
##..# #. #. #.#
######.# #. #.
#.# #......# #.
#. ##.#
#.###### #. #.
#..# #.# #.


You could see 2 goblins.

Vanquished Creatures
  A worm (D:2)
  2 dart slugs
  4 ball pythons
  2 endoplasms (D:1)
  4 giant cockroaches
  8 goblins
  6 hobgoblins
  3 jackals (D:1)
  4 kobolds
  A quokka (D:2)
  A bat (D:1)
  2 frilled lizards (D:2)
38 creatures vanquished.

Notes
Turn   | Place    | Note
-------+----------+-------------------------------------------
     0 | D:1      | cowcol the Minotaur Fighter began the quest for the Orb.
     0 | D:1      | Reached XP level 1. HP: 19/19 MP: 0/0
    31 | D:1      | Found Laminem's Antique Weapon Shop.
   188 | D:1      | Reached XP level 2. HP: 27/27 MP: 1/1
   377 | D:1      | Reached XP level 3. HP: 33/33 MP: 2/2
  1101 | D:2      | Noticed Sigmund
  1123 | D:2      | HP: 1/33 [goblin/+0 trident (3)]
  1124 | D:2      | Slain by a goblin

Illustrated notes

Levels and vault maps discovered:
D:1:      dpeg_arrival_stone_temple_mockup, layout_loops_ring, serial_shops,
          shop
D:2:      kennysheep_the_goblin_king, layout_loops_ring, uniq_sigmund

Skill      XL: |  1  2 |
---------------+-------+-----
Fighting       | 4 |  4.0
Armour         | 4 |  4.5
Axes           | 3 |  3.8
Shields        | |  3.6

Action                     || total
---------------------------++-------
  Melee: War axe           ||    81
         Headbutt          ||     8
    Use: Scroll            ||     2
         Potion            ||     1
 Armour: Scale mail        ||    24
  Dodge: Dodged            ||    35
  Block: Buckler           ||    18
